Map: Ruins of Endion

Players

Fropez - Winner!

  • Race: Protoss Protoss
  • League: Silver
  • Spawn Location: 5:00

HowardRoark

  • Race: Terran Terran
  • League: Silver
  • Spawn Location: 7:00

VOD

Have the link to the VOD?

Description

Time

  • Played on: June 20, 2016, 4:51 p.m.
  • Length: 15:32
Show
View Real Time Build Order
Export as new Build Order

Fropez Protoss - Winner!

Build Orders: Mass Adepts 

Get SALT Encoding   

  12  0:13  Probe (Chrono Boost)  
  13  0:15  Pylon  
  13  0:24  Probe (Chrono Boost)  
  14  0:34  Gateway  
  14  0:36  Probe (Chrono Boost)  
  15  0:46  Probe (Chrono Boost)  
  15  0:49  Assimilator  
  16  1:03  Probe (Chrono Boost)  
  17  1:06  Gateway  
  17  1:15  Pylon, Probe (Chrono Boost)  
  18  1:26  Probe (Chrono Boost)  
  19  1:36  Cybernetics Core  
  19  1:39  Probe (Chrono Boost)  
  20  1:41  Assimilator  
  20  1:50  Probe (Chrono Boost)  
  21  2:00  Probe (Chrono Boost)  
  22  2:05  Pylon  
  22  2:12  Adept  
  22  2:13  Adept  
  26  2:16  Probe (Chrono Boost)  
  26  2:20  Warp Gate (Chrono Boost)  
  27  2:26  Probe (Chrono Boost)  
  28  2:41  Adept  
  28  2:42  Adept  
  33  2:47  Mothership Core  
  34  2:52  Pylon  
  34  3:00  Pylon  
  34  3:09  Adept x2  
  38  3:35  Gateway  
  38  3:36  Adept x2  
  42  3:48  Gateway  
  42  3:49  Probe  
  43  4:24  Gateway  
  43  4:29  Twilight Council  
  43  4:33  Nexus  
  39  4:59  Adept x3  
  45  5:07  Pylon  
  45  5:08  Probe  
  45  5:13  Resonating Glaives (Chrono Boost)  
  46  5:34  Adept  
  46  5:35  Adept x2  
  52  5:43  Probe  
  52  5:47  Probe  
  54  6:12  Adept  
  54  6:13  Adept x4  
  52  6:39  Robotics Facility  
  52  6:40  Probe x2  
  52  6:41  Forge  
  52  6:42  Pylon  
  54  6:51  Probe  
  54  6:53  Probe, Dark Shrine  
  56  6:59  Protoss Ground Weapons Level 1  
  56  7:34  Probe  
  56  7:35  Probe  
  59  7:37  Observer  
  59  7:45  Assimilator  
  59  7:46  Probe  
  59  7:49  Assimilator  
  60  7:52  Nexus  
  60  7:54  Pylon  
  60  7:59  Probe  
  60  8:00  Probe  
  60  8:02  Warp Prism  
  64  8:09  Dark Templar  
  64  8:10  Dark Templar x2  
  69  8:57  Dark Templar x4  
  69  8:58  Dark Templar  
  79  9:11  Protoss Ground Weapons Level 2  
  79  9:14  Probe  
  79  9:15  Probe  
  81  9:25  Gateway  
  81  9:26  Gateway  
  81  9:27  Gateway  
  81  9:28  Observer  
  81  9:29  Gateway  
  82  9:42  Pylon  
  82  9:51  Assimilator  
  81  9:53  Assimilator, Dark Templar x2  
  81  9:57  Pylon  
  85  10:09  Observer  
  86  10:21  Adept x2  
  86  10:22  Adept  
  92  10:29  Probe  
  92  10:30  Probe x2  
  95  10:37  Gateway  
  95  10:43  Pylon  
  95  10:49  Pylon  
  95  10:51  Pylon  
  95  10:53  Pylon  
  95  10:55  Pylon  
  95  10:56  Adept x4, Pylon  
  95  10:57  Adept x2  
  105  10:58  Pylon  
  107  11:19  Adept x2  
  107  11:20  Adept x5  
  121  11:30  Charge  
  121  11:35  Immortal  
  125  12:03  Dark Templar x6  
  137  12:21  Adept x3  
  137  12:22  Adept  
  145  12:34  Protoss Ground Weapons Level 3  
  145  12:44  Adept x3  
  145  12:45  Adept x2  
  145  12:46  Adept  
  123  13:32  Adept x2  
  123  13:33  Adept x5  
  123  13:34  Adept  
  113  14:00  Archon x3  
  109  14:03  Adept x3  
  109  14:04  Adept x3  
  121  14:15  Stalker x2  
  123  14:31  Archon x2  
  123  14:34  Adept x3  
  119  15:22  Stalker x4  
  119  15:23  Stalker x2  
Show
View Real Time Build Order
Export as new Build Order

HowardRoark Terran 

Build Orders:  

Get SALT Encoding   

  12  0:01  SCV  
  13  0:13  SCV  
  14  0:24  Supply Depot  
  14  0:26  SCV  
  15  0:37  Supply Depot  
  15  0:48  Barracks  
  15  0:53  SCV  
  16  0:57  Refinery  
  16  1:05  SCV  
  17  1:17  SCV  
  18  1:36  Marine  
  19  1:49  Command Center  
  19  1:53  Orbital Command  
  19  2:23  SCV  
  19  2:24  Marine  
  21  2:32  Refinery, Engineering Bay  
  21  2:35  SCV  
  21  2:47  Marine, SCV  
  23  3:00  SCV  
  23  3:04  Factory  
  23  3:05  Planetary Fortress  
  24  3:12  SCV, Missile Turret  
  24  3:24  SCV  
  23  3:29  Marine  
  23  3:36  SCV  
  23  3:47  Marine  
  23  3:48  SCV  
  22  3:53  Hellion  
  20  3:57  SCV  
  20  4:00  SCV  
  17  4:04  Marine  
  17  4:09  SCV  
  13  4:12  SCV  
  13  4:14  Hellion  
  10  4:21  SCV  
  10  4:22  Marine  
  8  4:24  SCV  
  6  4:58  Orbital Command  
  6  5:08  SCV  
  7  5:18  Marine  
  8  5:29  SCV  
  9  5:36  Marine  
  9  5:41  SCV  
  11  5:44  SCV  
  11  5:49  Widow Mine  
  12  5:54  Marine  
  12  5:56  SCV  
  16  6:08  SCV  
  15  6:11  Marine  
  13  6:29  SCV  
  14  6:33  Widow Mine  
  16  6:41  SCV  
  16  6:47  Marine  
  17  6:53  SCV  
  19  7:05  SCV  
  20  7:14  Engineering Bay  
  20  7:17  SCV  
  21  7:25  SCV  
  21  7:27  Marine  
  21  7:29  SCV, Widow Mine  
  26  7:45  Missile Turret  
  26  7:51  SCV  
  27  7:55  Marine  
  27  7:57  Widow Mine  
  30  8:15  Supply Depot  
  30  8:20  Barracks Reactor  
  30  8:33  SCV  
  23  8:49  Hellion  
  25  9:00  Missile Turret  
  25  9:02  SCV  
  26  9:04  Refinery  
  26  9:06  Refinery  
  26  9:10  Hellion  
  28  9:17  Missile Turret  
  28  9:21  Marine x2  
  30  9:26  Missile Turret  
  30  9:39  Marine x2  
  32  9:57  Marine x2  
  34  10:00  SCV  
  34  10:03  SCV, Starport  
  36  10:07  Widow Mine  
  38  10:29  Supply Depot  
  38  10:40  Starport Tech Lab  
  38  10:50  Marine x2  
  38  10:51  SCV  
  41  11:03  SCV  
  40  11:12  Cloaking Field  
  40  11:15  Banshee  
  43  11:18  SCV  
  44  11:25  Supply Depot  
  44  11:31  SCV  
  45  11:40  Orbital Command  
  45  11:57  Raven  
  47  12:13  Supply Depot  
  47  12:26  Marine x2  
  49  12:33  Hellion  
  49  12:34  SCV  
  52  12:40  Banshee  
  55  12:44  Marine x2  
  57  13:02  Marine x2  
  28  13:20  Marine x2  
  28  13:23  Banshee  
  19  14:02  Marine x2  
  21  14:09  Hellion  
  23  14:10  Banshee  
  26  14:19  Marine  
  26  14:20  Marine  
  25  14:37  Marine x2  
  27  14:55  Marine x2  
Tags
 
Composition
Mass Adepts
Matchup
PvT
Replay Pack
All Mines
Spawn Locations
Close Positions
Add a new tag
Caveats
  • Supply blocks, unpowered buildings, or Contaminate may cause inaccurate times.
  • Supply counts are checked every 10 seconds.